 Dungeon Crawl Stone Soup version 0.31-a0-662-g684573625c (webtiles) character file.

Game seed: 9796300436122690961

495 cforsyth the Charlatan (level 7, -10/46 HPs)
             Began as a Gnoll Artificer on Aug 31, 2023.
             Was a Follower of Hepliaklqana.
             Mangled by an ogre
             ... wielding a +0 giant club
              (15 damage)
             ... on level 3 of the Dungeon.
             The game lasted 00:06:47 (4324 turns).

cforsyth the Charlatan (Gnoll Artificer)            Turns: 4324, Time: 00:06:48

Health: -10/46     AC:  9    Str: 11    XL:     7   Next: 15%
Magic:  10/10      EV:  7    Int: 12    God:    Hepliaklqana [*.....]
Gold:   184        SH:  0    Dex: 13    Spells: 10/10 levels left

rFire   . . .        n - +1 hand axe (elec)
rCold   . . .        (no shield)
rNeg    . . .        o - +0 chain mail
rPois   .            (no helmet)
rElec   .            (no cloak)
rCorr   .            (no gloves)
SInv    .            (no boots)
Will    +....        (no amulet) Stlth
                     (no ring)
HPRegen 0.27/turn    (no ring)
MPRegen 0.12/turn

%: no passive effects
@: confused, enlightened, flying
A: reduced essence, fangs 1, strong nose, distributed training
a: Renounce Religion, Recall Ancestor, Ancestor Identity


You were on level 3 of the Dungeon.
You worshipped Hepliaklqana.
Hepliaklqana was aware of your devotion.
You visited 1 branch of the dungeon, and saw 4 of its levels.

You collected 184 gold pieces.

Inventory:

Hand Weapons
 a - a +0 club
 n - a +1 hand axe of electrocution (weapon)
Missiles
 f - 11 poisoned darts
Armour
 b - a +0 leather armour
 o - a +0 chain mail (worn)
Jewellery
 m - an amulet of faith
Wands
 c - a wand of flame (4) (quivered)
 d - a wand of charming (14)
 e - a wand of iceblast (8)
 r - a wand of quicksilver (9)
Scrolls
 g - a scroll of fog {unknown}
 h - a scroll of enchant weapon {unknown}
 i - 3 scrolls of blinking {unknown}
 j - a scroll of identify {unknown}
 k - a scroll of brand weapon {unknown}
 l - a scroll of silence {unknown}
 p - a scroll of noise {unknown}
 t - a scroll of enchant armour {unknown}


   Skills:
 + Level 3.5 Fighting
 + Level 2.3 Short Blades
 + Level 2.3 Long Blades
 + Level 2.3 Axes
 + Level 2.3 Maces & Flails
 + Level 2.3 Polearms
 + Level 2.3 Staves
 + Level 2.3 Ranged Weapons
 + Level 2.3 Throwing
 + Level 5.2 Armour
 + Level 3.5 Dodging
 + Level 3.3 Stealth
 + Level 2.3 Shields
 + Level 2.3 Unarmed Combat
 + Level 2.3 Spellcasting
 + Level 1.9 Conjurations
 + Level 1.9 Hexes
 + Level 1.9 Summonings
 + Level 1.9 Necromancy
 + Level 1.9 Translocations
 + Level 1.9 Transmutations
 + Level 1.9 Fire Magic
 + Level 1.9 Ice Magic
 + Level 1.9 Air Magic
 + Level 1.9 Earth Magic
 + Level 1.9 Poison Magic
 + Level 2.6 Invocations
 + Level 7.0 Evocations
 + Level 2.1 Shapeshifting


You had 10 spell levels left.
You didn't know any spells.
Your spell library contained the following spells:

 Spells                   Type           Power      Damage    Failure   Level
 Ensorcelled Hibernation  Hex/Ice        12%        N/A       99%         2
 Passwall                 Tmut/Erth      5%         N/A       99%         2
 Swiftness                Air            6%         N/A       100%        3


Dungeon Overview and Level Annotations

Branches:
Dungeon (4/15)
 Temple: D:4-7

Altars:
Hepliaklqana
Ru
Wu Jian

Annotations:
D:4 Menkaure


Innate Abilities, Weirdness & Mutations

Your life essence is reduced to manifest your ancestor. (-10% HP)
You have very sharp teeth.
Your uncanny sense of smell can sniff out nearby items.
Your experience applies equally to all skills.


Message History

There is a stone staircase leading down here.
You start resting.
HP restored.
You see here a +0 chain mail.
Search for what [Enter for "armo", or ? for help]? armo Unknown command.
You see here a +0 hand axe.
Things that are here:
a +0 robe; a +0 dagger; a +0 whip You see here a +0 ring mail.
There is a stone staircase leading down here.
You swap places.
There is a stone staircase leading down here.
You climb downwards.
Level annotation: Menkaure The orc wizard shouts!
The orc shouts! x2; The orc priest shouts!
The orc shouts!
The ogre shouts!
You hear a shout!
The ogre hits you with a +0 giant club!
Found a bubbling orange potion.
There is a stone staircase leading up, spattered with blood here.
There are monsters nearby!
Tepiltzin closely misses the orc.
The orc barely misses you.
The orc wizard points at you and mumbles some strange words.
You are confused.
The orc barely misses you.
You climb upwards.
There is a stone staircase leading down here.
You are too confused!
It was a potion of magic.
Magic courses through your body.
The ogre hits you with a +0 giant club!!
* * * LOW HITPOINT WARNING * * *
Tepiltzin hits the orc wizard.
The orc wizard closely misses you.
You are too confused!
You feel very buoyant.
You fly up into the air.
Tepiltzin hits the orc wizard.
The orc wizard casts a spell at you. The magic dart hits you.
* * * LOW HITPOINT WARNING * * *
The ogre hits you with a +0 giant club!
You die...

...............)......).....#
...##########.#######.#####.#
#### #.# #.# #.##### #.# #.#
#...... #.# #.# #######
########## #.# #.#
.........####.# #.#
########....[)#######.#
###...ooO@oR...#
#.############ #.# #.# #.#
#.# ##########.# ...........#
############


You could see the friendly Tepiltzin the ancestor, an ogre (ally target), an orc
wizard and 2 orcs.

Vanquished Creatures
  Sigmund (D:2)
  Ijyb (D:3)
  Natasha (thrice) (D:3)
  3 orc wizards (D:3)
  A gnoll (D:1)
  3 adders
  A worm (D:2)
  3 dart slugs
  5 orcs
  6 ball pythons
  4 bats
  5 endoplasms
  4 giant cockroaches
  2 goblins (D:3)
  2 hobgoblins
  9 jackals
  4 kobolds
  4 quokkas
  4 frilled lizards
  5 rats
70 creatures vanquished.

Vanquished Creatures (collateral kills)
  A jelly (D:4)
  An orc wizard (D:4)
  A goblin (D:3)
3 creatures vanquished.

Grand Total: 73 creatures vanquished

Notes
Turn   | Place    | Note
-------+----------+-------------------------------------------
     0 | D:1      | cforsyth the Gnoll Artificer began the quest for the Orb.
     0 | D:1      | Reached XP level 1. HP: 17/17 MP: 1/1
   113 | D:1      | Reached XP level 2. HP: 15/23 MP: 2/2
   413 | D:1      | Reached XP level 3. HP: 6/28 MP: 3/3
   748 | D:1      | Reached skill level 1 in Invocations
  1016 | D:1      | Found a faded altar of an unknown god.
  1287 | D:2      | Reached skill level 1 in Short Blades
  1287 | D:2      | Reached skill level 1 in Long Blades
  1287 | D:2      | Reached skill level 1 in Axes
  1287 | D:2      | Reached skill level 1 in Maces & Flails
  1287 | D:2      | Reached skill level 1 in Polearms
  1287 | D:2      | Reached skill level 1 in Staves
  1287 | D:2      | Reached skill level 1 in Ranged Weapons
  1287 | D:2      | Reached skill level 1 in Throwing
  1287 | D:2      | Reached skill level 1 in Shields
  1287 | D:2      | Reached skill level 1 in Unarmed Combat
  1287 | D:2      | Reached skill level 1 in Spellcasting
  1358 | D:2      | Noticed Sigmund
  1370 | D:2      | Killed Sigmund
  1371 | D:2      | Reached skill level 1 in Conjurations
  1371 | D:2      | Reached skill level 1 in Hexes
  1371 | D:2      | Reached skill level 1 in Summonings
  1371 | D:2      | Reached skill level 1 in Necromancy
  1371 | D:2      | Reached skill level 1 in Translocations
  1371 | D:2      | Reached skill level 1 in Transmutations
  1371 | D:2      | Reached skill level 1 in Fire Magic
  1371 | D:2      | Reached skill level 1 in Ice Magic
  1371 | D:2      | Reached skill level 1 in Air Magic
  1371 | D:2      | Reached skill level 1 in Earth Magic
  1371 | D:2      | Reached skill level 1 in Poison Magic
  1371 | D:2      | Reached skill level 1 in Shapeshifting
  1371 | D:2      | Reached XP level 4. HP: 13/35 MP: 4/6
  1371 | D:2      | Reached XP level 5. HP: 15/41 MP: 4/7
  1803 | D:2      | Reached XP level 6. HP: 47/47 MP: 8/8
  2108 | D:3      | Found a sacrificial altar of Ru.
  2116 | D:3      | Found a hazy altar of Hepliaklqana.
  2116 | D:3      | Found an ornate altar of the Wu Jian Council.
  2185 | D:3      | Became a worshipper of Hepliaklqana the Forgotten
  2525 | D:3      | Noticed Ijyb
  2530 | D:3      | Killed Ijyb
  2548 | D:3      | Reached skill level 5 in Armour
  2746 | D:3      | Noticed Natasha
  2750 | D:3      | Killed Natasha
  2774 | D:3      | Reached * piety under Hepliaklqana
  2783 | D:3      | Noticed Natasha
  2794 | D:3      | Killed Natasha
  3092 | D:3      | Noticed Natasha
  3105 | D:3      | Killed Natasha
  3389 | D:3      | Found a sacrificial altar of Ru.
  3396 | D:3      | Found a hazy altar of Hepliaklqana.
  3396 | D:3      | Found an ornate altar of the Wu Jian Council.
  3671 | D:4      | Noticed Menkaure
  3678 | D:4      | Reached XP level 7. HP: 35/46 MP: 10/10
  3682 | D:4      | Reached skill level 7 in Evocations
  4324 | D:3      | Mangled by an ogre

Illustrated notes

Levels and vault maps discovered:
D:1:      lightli_arrival_quake, layout_basic,
          dilly_ecumenical_altar_fadedgnrine, chequers_serial_rivers_small_3,
          st_stairs_4, grunt_decor_arrowhead
D:2:      layout_loops_cross, minivault_23, moated_statue, uniq_sigmund
D:3:      layout_loops_ring, minitemple, uniq_ijyb, uniq_natasha
D:4:      layout_rooms, mainiacjoe_overflow_boulevard, serial_aquarium,
          aquarium_bridge_straight [aquarium_subvault_bridge,
          aquarium_subvault_window, aquarium_subvault_bridge,
          aquarium_subvault_wall], aquarium_bridge_long_joined
          [aquarium_subvault_wall, aquarium_subvault_bridge,
          aquarium_subvault_window, aquarium_subvault_bridge,
          aquarium_subvault_wall, aquarium_subvault_bridge],
          aquarium_window_fake, aquarium_window_2, aquarium_view_2c,
          aquarium_view_2c, serial_shops, nicolae_take_the_stairs,
          reono_crystal_passage, uniq_menkaure, uniq_edmund

Skill      XL: |  1  2  3  4  5  6  7 |
---------------+----------------------+-----
Invocations    | 1 2 |  2.6
Short Blades   | 1 2 |  2.3
Long Blades    | 1 2 |  2.3
Axes           | 1 2 |  2.3
Maces & Flails | 1 2 |  2.3
Polearms       | 1 2 |  2.3
Staves         | 1 2 |  2.3
Ranged Weapons | 1 2 |  2.3
Throwing       | 1 2 |  2.3
Shields        | 1 2 |  2.3
Unarmed Combat | 1 2 |  2.3
Spellcasting   | 1 2 |  2.3
Fighting       | 3 |  3.5
Dodging        | 3 |  3.5
Conjurations   | 1 |  1.9
Hexes          | 1 |  1.9
Summonings     | 1 |  1.9
Necromancy     | 1 |  1.9
Translocations | 1 |  1.9
Transmutations | 1 |  1.9
Fire Magic     | 1 |  1.9
Ice Magic      | 1 |  1.9
Air Magic      | 1 |  1.9
Earth Magic    | 1 |  1.9
Poison Magic   | 1 |  1.9
Shapeshifting  | 1 2 |  2.1
Stealth        | 3 |  3.3
Armour         | 5 |  5.2
Evocations     | 7 |  7.0

Action                     |  1- 3 |  4- 6 |  7- 9 || total
---------------------------+-------+-------+-------++-------
  Melee: Club              |   177 |    96 |       ||   273
         Bite              |    12 |    22 |     1 ||    35
         Punch             |     3 |     2 |       ||     5
         Hand axe          |       |    30 |     6 ||    36
 Invoke: Recall Ancestor   |       |       |     1 ||     1
  Evoke: Wand              |     6 |    10 |     1 ||    17
    Use: Potion            |     3 |     1 |     2 ||     6
   Stab: Sleeping          |     2 |     2 |       ||     4
 Armour: Leather armour    |   153 |    31 |       ||   184
         Chain mail        |       |   120 |    16 ||   136
  Dodge: Dodged            |   192 |    91 |     3 ||   286

Table legend: (Time is in decaauts)
 A = Elapsed time spent in this place.
 B = Non-inter-level travel time spent in this place.
 C = Inter-level travel time spent in this place.
 D = Time resting spent in this place.
 E = Time spent auto-exploring this place.
 F = Levels seen in this place.
 G = Mean time per level.
                   A        B        C        D        E       F      G
               +--------+--------+--------+--------+--------+-----+--------+
         Total |   4425 |   4248 |    177 |    674 |   2692 |   4 | 1106.2 |
       Dungeon |   4425 |   4248 |    177 |    674 |   2692 |   4 | 1106.2 |
               +--------+--------+--------+--------+--------+-----+--------+

Top non-repeatable levels by time:
     D:3: 2036 daAuts
     D:1: 1304 daAuts
     D:2: 1062 daAuts
     D:4: 22 daAuts
